 Dungeon Crawl Stone Soup version 0.25.0-46-gbd7b085 (webtiles) character file.

Game seed: 529164406630107237

29114 Inchmeat the Executioner (level 13, -4/106 HPs)
             Began as a Hill Orc Gladiator on July 14, 2020.
             Was the Champion of Zin.
             Slain by a two-headed ogre
             ... wielding a +0 giant club
              (7 damage)
             ... on level 2 of the Orcish Mines.
             The game lasted 00:33:19 (19596 turns).

Inchmeat the Executioner (Hill Orc Gladiator)      Turns: 19596, Time: 00:33:20

Health: -4/106     AC: 27    Str: 28    XL:     13   Next: 43%
Magic:  17/21      EV:  5    Int: 11    God:    Zin [******]
Gold:   862        SH:  0    Dex: 18    Spells: 12/12 levels left

rFire    . . .     SeeInvis .   A - +1 executioner's axe (vorpal)
rCold    . . .     Gourm    .   (shield currently unavailable)
rNeg     . . .     Faith    .   M - +8 orange crystal plate armour {Archmagi, Int+3 Clar}
rPois    .         Spirit   .   c - +1 helmet
rElec    .         Reflect  .   (no cloak)
rCorr    .         Harm     .   s - +0 pair of gloves
MR       .....     Clarity  +   h - +0 pair of boots
Stlth    ..........             (no amulet)
HPRegen  0.27/turn              j - +6 ring of dexterity
MPRegen  0.17/turn              x - +6 ring of strength

@: mighty, lightly drained
A: shaggy fur 1
a: Recite, Vitalisation, Imprison, Sanctuary, Donate Gold, Renounce Religion


You were on level 2 of the Orcish Mines.
You worshipped Zin.
Zin was exalted by your worship.
You were not hungry.

You visited 2 branches of the dungeon, and saw 14 of its levels.
You also visited: Ossuary.

You collected 1462 gold pieces.
You spent 454 gold pieces at shops.
You donated 146 gold pieces to Zin.

Inventory:

Hand Weapons
 A - a +1 vorpal executioner's axe (weapon)
 G - a +0 hand crossbow of freezing
Missiles
 r - 3 bolts
Armour
 c - a +1 helmet (worn)
 h - a +0 pair of boots (worn)
 s - a +0 pair of gloves (worn)
 v - a +2 buckler of protection
 M - the +8 orange crystal plate armour (worn) {Archmagi, Int+3 Clar}
   (You found it on level 9 of the Dungeon)

   It affects your intelligence (+3).
   It protects you against confusion.
Jewellery
 j - a +6 ring of dexterity (left hand)
 q - an uncursed ring of fire
 x - a +6 ring of strength (right hand)
 C - an uncursed ring of resist corrosion
 H - an uncursed ring of poison resistance
 K - an uncursed ring of protection from magic
Wands
 L - a wand of iceblast (8)
Scrolls
 b - 6 scrolls of teleportation
 d - 3 scrolls of enchant armour
 g - 4 scrolls of remove curse {@r2}
 m - a scroll of random uselessness {unknown}
 o - a scroll of noise {unknown}
 y - 2 scrolls of magic mapping
 E - a scroll of silence {unknown}
 F - 2 scrolls of amnesia
 I - a scroll of torment {unknown}
 J - 3 scrolls of identify {@r1}
Potions
 a - a potion of magic {unknown}
 e - 6 potions of curing {@q1}
 i - 3 potions of brilliance
 k - 2 potions of haste
 l - 2 potions of flight
 t - 2 potions of stabbing
 u - 5 potions of cancellation
 z - a potion of mutation {!q}
Comestibles
 f - 13 rations


   Skills:
 + Level 7.6(7.5) Fighting
 * Level 22.3(22.2) Axes
 - Level 1.7(1.6) Throwing
 - Level 2.4(2.3) Dodging
 - Level 4.0(3.8) Shields
 - Level 11.7(11.6) Invocations


You had 12 spell levels left.
You didn't know any spells.
Your spell library contained the following spells:

 Spells                   Type           Power        Failure   Level  Hunger
 Animate Skeleton         Necr           N/A          100%        1    ##.....
 Apportation              Tloc           #.....       100%        1    ##.....
 Beastly Appendage        Tmut           #.....       100%        1    ##.....
 Corona                   Hex            #......      100%        1    ##.....
 Infusion                 Chrm           #...         100%        1    ##.....
 Magic Dart               Conj           #...         100%        1    ##.....
 Summon Small Mammal      Summ           #...         100%        1    ##.....
 Searing Ray              Conj           #.....       100%        2    ###....
 Shroud of Golubria       Chrm/Tloc      #.....       100%        2    ###....
 Slow                     Hex            #.......     100%        2    ###....
 Song of Slaying          Chrm           #.......     100%        2    ###....
 Sticks to Snakes         Tmut           #.......     100%        2    ###....
 Dazzling Flash           Conj/Hex       #.....       100%        3    ####...
 Inner Flame              Hex/Fire       #.......     100%        3    ####...
 Ozocubu's Armour         Chrm/Ice       #.......     100%        3    ####...
 Portal Projectile        Hex/Tloc       #.....       100%        3    ####...
 Spectral Weapon          Hex/Chrm       #.......     100%        3    ####...
 Spider Form              Tmut/Pois      #.........   100%        3    ####...
 Cause Fear               Hex            #.........   100%        4    #####..
 Fulminant Prism          Conj/Hex       #.........   100%        4    #####..
 Ice Form                 Ice/Tmut       #.......     100%        4    #####..
 Iskenderun's Mystic Bla  Conj/Tloc      #.......     100%        4    #####..
 Leda's Liquefaction      Hex/Erth       #.........   100%        4    #####..
 Blade Hands              Tmut           #.........   100%        5    ######.
 Bolt of Magma            Conj/Fire/Erth #.........   100%        5    ######.
 Iskenderun's Battlesphe  Conj/Chrm      #.......     100%        5    ######.
 Metabolic Englaciation   Hex/Ice        #.........   100%        5    ######.
 Freezing Cloud           Conj/Ice/Air   #.........   100%        6    #######
 Iron Shot                Conj/Erth      #.........   100%        6    #######
 Ozocubu's Refrigeration  Ice            #.........   100%        6    #######
 Simulacrum               Ice/Necr       #.........   100%        6    #######
 Orb of Destruction       Conj           #.........   100%        7    #######
 Spellforged Servitor     Conj/Summ      #.........   100%        7    #######


Dungeon Overview and Level Annotations

Branches:
Dungeon (12/15)            Temple (0/1) D:5            Lair (0/6) D:8
    Orc (2/2) D:11        Ossuary (visited)
    Elf: Orc:2

Altars:
Ashenzari
Dithmenos
Elyvilon
Fedhas
Hepliaklqana
Makhleb
Okawaru
Qazlal
Trog
Vehumet
Zin
Beogh

Shops:
D:4 [   D:7 %:   D:8 !!?=?

Annotations:
Orc:2 1 transporter, Nessos; garrulousMonolith's ghost, journeyman HOFi


Innate Abilities, Weirdness & Mutations

You are covered in fur. (AC +1)


Message History

Tha ogre mage gestures at ye while chantin'.
Tha bolt o' cold hits ye!!
Ye barely miss tha ogre mage.
Tha ogre mage be heavily wounded.
Ye slice tha deep elf mage!!
Tha deep elf mage hits ye but does nay damage.
Tha ogre mage points at ye an' mumbles some strange words.
Tha crystal spear hits ye!!
* * * LOW HITPOINT WARNIN'
* * * Ye chop tha deep elf mage inta pieces!!!
Ye kill tha deep elf mage!
Tha battlesphere dissipates.
Ye slash tha ogre mage!
Tha ogre mage barely misses ye.
Unknown command.
Ye slash tha two-headed ogre!
Tha two-headed ogre be moderately wounded.
Ye slash tha ogre mage!
Tha two-headed ogre hits ye but does nay damage.
Tha two-headed ogre hits ye wit' a +0 giant club!
Ye die...

.............#
.............
......#.....
...((......
..e.((..*.
...(..(..
....((..##
.......)O###
........O@)##
........○.).#
##..####.#.##
## #####


You could see a two-headed ogre (fast), an ogre mage and a deep elf mage.

Vanquished Creatures
  An orc warlord (Orc:1)
  3 ogre magi (Orc:2)
  7 two-headed ogres
  Pikel (D:6)
  An orc knight (Orc:1)
  An orc sorcerer (Orc:2)
  3 deep elf magi (Orc:2)
  3 ugly things
  The ghost of roflc0ptic the Ducker, a novice OpTm of Sif Muna (D:7)
  A cyclops (Orc:1)
  Maurice (D:9)
  The ghost of Turner1 the Thaumaturge, a novice DEWz of Sif Muna (D:8)
  The ghost of FMtheFM the Magician, a novice DEVM of Qazlal (D:5)
  5 trolls
  A queen bee (D:8)
  Grinder (D:5)
  5 slime creatures (D:12)
  6 hippogriffs
  A spriggan (D:7)
  2 wraiths
  11 yaks
  A wyvern (D:10)
  6 wargs
  Duvessa (D:5)
  2 water moccasins
  3 ice beasts
  5 sky beasts
  Purgy (D:3)
  2 black bears (D:12)
  6 phantoms
  21 orc warriors
  4 centaurs
  21 ogres
  A big kobold (D:9)
  4 bullfrogs
  6 scorpions (Ossuary)
  2 wyvern skeletons
  Dowan (D:5)
  13 killer bees
  A wight (D:7)
  2 howler monkeys
  An electric eel (D:11)
  4 crimson imps
  6 centaur zombies
  3 hounds
  A lava snake (Orc:1)
  2 quasits
  5 jellies
  15 orc priests
  A gnoll shaman (D:7)
  19 orc wizards
  2 bullfrog skeletons
  2 centaur skeletons
  11 worker ants
  A big kobold zombie (Ossuary)
  2 hound zombies
  A hound skeleton (D:9)
  3 mummies (Ossuary)
  A worker ant zombie (D:10)
  Robin (D:3)
  10 gnolls
  13 adders
  6 scorpion zombies (Ossuary)
  3 shadow imps
  An adder skeleton (D:9)
  A dart slug (D:1)
  5 leopard geckos
  78 orcs
  14 bats
  5 giant cockroaches
  14 goblins
  7 hobgoblins
  10 jackals
  12 kobolds
  2 quokkas
  2 ball pythons
  2 frilled lizards
  6 goblin zombies (Ossuary)
  A hobgoblin zombie (Ossuary)
  A jackal skeleton (D:4)
  2 kobold zombies (Ossuary)
  3 orc zombies (Ossuary)
  2 quokka zombies
  6 rats
447 creatures vanquished.

Vanquished Creatures (others)
  Psyche (D:9)
  2 slaves (D:6)
  2 scorpions (Ossuary)
  A quasit (D:9)
  An orc wizard (D:6)
  A killer bee zombie (D:6)
  An orc zombie (Ossuary)
9 creatures vanquished.

Grand Total: 456 creatures vanquished

Notes
Turn   | Place    | Note
-------+----------+-------------------------------------------
     0 | D:1      | Inchmeat the Hill Orc Gladiator began the quest for the
                  | Orb.
     0 | D:1      | Reached XP level 1. HP: 18/18 MP: 1/1
   165 | D:1      | Reached XP level 2. HP: 22/25 MP: 2/2
   325 | D:1      | Reached skill level 5 in Axes
   788 | D:1      | Reached XP level 3. HP: 28/30 MP: 3/3
  1523 | D:1      | Reached skill level 6 in Axes
  2039 | D:2      | Reached XP level 4. HP: 34/37 MP: 4/4
  2133 | D:2      | Found a glowing silver altar of Zin.
  2134 | D:2      | Found a hazy altar of Hepliaklqana.
  2150 | D:2      | Became a worshipper of Zin the Law-Giver
  2150 | D:2      | Reached * piety under Zin
  2881 | D:3      | Reached skill level 7 in Axes
  2882 | D:3      | Noticed Robin
  2896 | D:3      | Killed Robin
  3057 | D:3      | Reached XP level 5. HP: 42/42 MP: 5/5
  3080 | D:3      | Found a bloodstained altar of Trog.
  3086 | D:3      | Noticed an ogre
  3092 | D:3      | Killed an ogre
  3092 | D:3      | Reached skill level 8 in Axes
  3233 | D:3      | Reached ** piety under Zin
  3475 | D:3      | Noticed Purgy
  3496 | D:3      | Killed Purgy
  3496 | D:3      | Reached skill level 1 in Shields
  3496 | D:3      | Reached XP level 6. HP: 42/50 MP: 6/6
  3550 | D:3      | Found a white marble altar of Elyvilon.
  3764 | D:4      | Reached skill level 9 in Axes
  3804 | D:4      | Reached XP level 7. HP: 23/56 MP: 7/7
  3998 | D:4      | Found Sopluos's Antique Armour Emporium.
  4081 | D:4      | Found a shadowy altar of Dithmenos.
  4341 | D:5      | Entered Level 5 of the Dungeon
  4400 | D:5      | Found a runed translucent door.
  4403 | D:5      | Noticed FMtheFM's ghost (novice DEVM)
  4432 | D:5      | Noticed Dowan
  4461 | D:5      | Reached *** piety under Zin
  4494 | D:5      | Killed Dowan
  4581 | D:5      | Noticed Duvessa
  4585 | D:5      | Gained mutation: You are covered in fur. (AC +1) [potion of
                  | mutation]
  4585 | D:5      | Gained mutation: Scrolls take you a little longer to read.
                  | [potion of mutation]
  4585 | D:5      | Gained mutation: You are frail. (-10% HP) [potion of
                  | mutation]
  4585 | D:5      | Gained mutation: You are partially covered in large bone
                  | plates. (SH +4) [potion of mutation]
  4590 | D:5      | Killed Duvessa
  4590 | D:5      | Reached skill level 10 in Axes
  4612 | D:5      | Found a staircase to the Ecumenical Temple.
  4702 | D:5      | Reached XP level 8. HP: 55/55 MP: 7/9
  4731 | D:5      | Found a sand-covered staircase.
  4741 | Ossuary  | Entered an ossuary
  4845 | Ossuary  | Reached skill level 11 in Axes
  4969 | Ossuary  | Reached skill level 5 in Invocations
  5035 | Ossuary  | Reached **** piety under Zin
  5477 | D:5      | Noticed Grinder
  5479 | D:5      | Paralysed by Grinder for 2 turns
  5486 | D:5      | Killed Grinder
  5486 | D:5      | Reached skill level 12 in Axes
  5643 | D:5      | Reached XP level 9. HP: 58/61 MP: 12/12
  5770 | D:5      | Found an iron altar of Okawaru.
  5774 | D:5      | Found a shattered altar of Ashenzari.
  5780 | D:5      | Found a burning altar of Makhleb.
  6213 | D:6      | Noticed Pikel
  6231 | D:6      | Reached skill level 13 in Axes
  6310 | D:6      | Killed Pikel
  6310 | D:6      | Reached skill level 14 in Axes
  7172 | D:6      | Identified a scroll of acquirement
  7172 | D:6      | Acquired a +0 vorpal executioner's axe
  7190 | D:7      | Noticed a purple ugly thing
  7225 | D:6      | Killed a purple ugly thing
  7225 | D:6      | Reached skill level 15 in Axes
  7660 | D:7      | Found a stormy altar of Qazlal.
  7813 | D:7      | Found Cuakif's Food Shop.
  7860 | D:7      | Bought a ration for 50 gold pieces
  7860 | D:7      | Bought a ration for 50 gold pieces
  7860 | D:7      | Bought a ration for 50 gold pieces
  7860 | D:7      | Bought a ration for 50 gold pieces
  8039 | D:7      | Reached XP level 10. HP: 66/66 MP: 13/13
  8124 | D:7      | Found Waciff's Book Shop.
  8199 | D:7      | Noticed roflc0ptic's ghost (novice OpTm)
  8201 | D:7      | Found a runed translucent gate.
  8207 | D:7      | Found a runed translucent gate.
  8305 | D:7      | Reached skill level 16 in Axes
  8409 | D:7      | Found a runed translucent gate.
  8671 | D:8      | Reached ***** piety under Zin
  8751 | D:8      | Found a transporter.
  8755 | D:8      | Found a transporter.
  8756 | D:8      | Noticed Turner1's ghost (novice DEWz)
  8860 | D:8      | Found Cycsir's Magic Scroll Emporium.
  9044 | D:8      | Bought a scroll of enchant weapon for 112 gold pieces
  9044 | D:8      | Bought a scroll of blinking for 112 gold pieces
  9067 | D:8      | Found a staircase to the Lair.
  9087 | D:8      | Reached skill level 17 in Axes
  9186 | D:8      | Found Veynuk's Jewellery Shoppe.
  9543 | D:8      | Found Ytisinky's Distillery.
  9579 | D:8      | Found Weulowka's Distillery.
  9792 | D:8      | Found Icsef's Magic Scroll Shoppe.
  9799 | D:8      | Bought a scroll of teleportation for 30 gold pieces
  9966 | D:9      | Noticed Psyche
  9975 | D:9      | Killed Psyche
 10055 | D:9      | Found the +8 orange crystal plate armour {Archmagi, Int+3
                  | Clar}
 10152 | D:9      | Noticed Maurice
 10173 | D:9      | Killed Maurice
 10388 | D:9      | Reached skill level 18 in Axes
 10830 | D:9      | You fall into a shaft and drop 3 floors!
 10838 | D:11     | Noticed a two-headed ogre
 10846 | D:10     | Entered Level 10 of the Dungeon
 10854 | D:10     | Reached XP level 11. HP: 29/72 MP: 14/16
 12518 | D:5      | Killed FMtheFM's ghost
 12654 | D:7      | Killed roflc0ptic's ghost
 12736 | D:8      | Reached skill level 19 in Axes
 12776 | D:8      | Killed Turner1's ghost
 13104 | D:10     | Killed a two-headed ogre
 13581 | D:11     | Found a blossoming altar of Fedhas.
 13732 | D:11     | Noticed a purple ugly thing
 13918 | D:11     | Paralysed by an orc warrior for 6 turns
 14119 | D:11     | Reached ****** piety under Zin
 14700 | D:11     | Noticed a purple ugly thing
 14710 | D:11     | Killed a purple ugly thing
 15069 | D:11     | Reached skill level 20 in Axes
 15072 | D:11     | Reached XP level 12. HP: 74/79 MP: 19/19
 15076 | D:11     | Reached skill level 10 in Invocations
 15822 | D:11     | Paralysed by an orc warrior for 4 turns
 15873 | D:11     | Found a staircase to the Orcish Mines.
 16153 | D:12     | Noticed a two-headed ogre
 16157 | D:12     | Killed a two-headed ogre
 16370 | D:12     | Lost mutation: Scrolls take you a little longer to read.
                  | [potion of mutation]
 16370 | D:12     | Lost mutation: You are frail. (-10% HP) [potion of
                  | mutation]
 16370 | D:12     | Lost mutation: You are partially covered in large bone
                  | plates. (SH +4) [potion of mutation]
 17303 | Orc:1    | Entered Level 1 of the Orcish Mines
 17483 | Orc:1    | Reached skill level 21 in Axes
 17631 | Orc:1    | Found a radiant altar of Vehumet.
 17711 | Orc:1    | Found a roughly hewn altar of Beogh.
 18278 | Orc:2    | Entered Level 2 of the Orcish Mines
 18311 | Orc:2    | Noticed an orc warlord
 18594 | Orc:1    | Killed an orc warlord
 18594 | Orc:1    | Reached skill level 5 in Fighting
 18795 | Orc:2    | Found a transporter.
 19142 | Orc:2    | Identified the cursed +1 great mace "Juton" {vorpal, rElec
                  | Int-2 Dex+4}
 19142 | Orc:2    | Noticed a two-headed ogre
 19142 | Orc:2    | Noticed garrulousMonolith's ghost (journeyman HOFi)
 19143 | Orc:2    | Noticed a two-headed ogre
 19143 | Orc:2    | Noticed a two-headed ogre
 19183 | Orc:2    | Noticed a two-headed ogre
 19183 | Orc:2    | Noticed a two-headed ogre
 19184 | Orc:2    | Noticed a two-headed ogre
 19186 | Orc:2    | Noticed a two-headed ogre
 19187 | Orc:2    | Noticed a two-headed ogre
 19188 | Orc:2    | Killed a two-headed ogre
 19188 | Orc:2    | Reached XP level 13. HP: 102/102 MP: 21/21
 19191 | Orc:2    | Noticed Nessos
 19193 | Orc:2    | Noticed an ogre mage
 19202 | Orc:2    | Killed an ogre mage
 19207 | Orc:2    | Reached skill level 22 in Axes
 19207 | Orc:2    | Noticed an ogre mage
 19217 | Orc:2    | Killed an ogre mage
 19594 | Orc:2    | HP: 2/105 [ogre mage/crystal spear (31)]
 19596 | Orc:2    | Slain by a two-headed ogre

Illustrated notes

Levels and vault maps discovered:
D:1:      dpeg_arrival_concentric_ovals, layout_basic, serial_corexii_hall,
          chequers_hall_statues_corner_a, corexii_hall_statues_x,
          corexii_hall_statues_t, corexii_hall_statues_l, st_stairs_6
D:2:      layout_loops_ring, grunt_temple_overflow_open
D:3:      layout_loops_ring, marbit_many_paths, elyvilon_altar_1, uniq_purgy,
          uniq_robin
D:4:      layout_cave_pools, nicolae_dithmenos_shadow_blocks, first_ration,
          serial_shops, nicolae_shop_waterfront
D:5:      layout_basic, minitemple, minmay_temple_entry_gardened_gates,
          enter_ossuary_1, ebering_ghost_sewer_d, uniq_duvessa, uniq_grinder
D:6:      layout_basic, uniq_pikel
D:7:      layout_gridville, grunt_qazlal_clouds, gammafunk_ghost_split,
          serial_shops, shop, shop_fountains, the_bakery,
          kennysheep_generic_room_2
D:8:      layout_loops_cross, erik_lair_orcish_takeover, gammafunk_ghost_hive,
          serial_shops, shop_statue, shop, kennysheep_mini_moat, shop, shop
D:9:      layout_basic, uniq_psyche, uniq_maurice
D:10:     layout_small_grid, grunt_ministairs_5
D:11:     layout_basic, erik_orc_2, basic_altar
D:12:     layout_loops_ring
Orc:1:    layout_caves, basic_altar, nicolae_orc_lava_tube, minmay_orc_temple_a
Orc:2:    st_orc_ogre_mass, layout_diamond_mine, serial_shops, shop_fountains,
          gammafunk_ghost_smash, elf_legates, uniq_saint_roka, uniq_nessos

Skill      XL: |  1  2  3  4  5  6  7  8  9 10 11 12 13 |
---------------+----------------------------------------+-----
Axes           | 5 6 7 8 9 10 12 15 18 20 21 22 | 22.3
Shields        | 1 3 4 |  4.0
Invocations    | 2 5 6 9 11 | 11.7
Fighting       | 5 7 |  7.6
Throwing       | |  1.7
Dodging        | |  2.4

Action                   |  1- 3 |  4- 6 |  7- 9 | 10-12 | 13-15 || total
-------------------------+-------+-------+-------+-------+-------++-------
Melee: War axe           |    83 |   132 |   338 |    82 |       ||   635
       Executioner's axe |       |       |       |   606 |    52 ||   658
 Fire: Hand crossbow     |       |       |       |    44 |    14 ||    58
Throw: Throwing net      |     2 |     2 |     2 |       |       ||     6
Invok: Recite            |       |       |     1 |    10 |     1 ||    12
       Vitalisation      |       |       |       |     5 |     1 ||     6
       Sanctuary         |       |       |       |       |     1 ||     1
Evoke: Wand              |       |       |     7 |    11 |     1 ||    19
  Use: Scroll            |     5 |     1 |    13 |     7 |     2 ||    28
       Potion            |       |       |     9 |     3 |     7 ||    19
 Stab: Held in net/web   |     2 |       |       |       |       ||     2
       Distracted        |       |       |     1 |       |       ||     1
       Paralysed         |       |       |     4 |     2 |       ||     6
       Confused          |       |       |       |     3 |       ||     3
       Invisible         |       |       |       |     1 |       ||     1
  Eat: Chunk             |     3 |     5 |     5 |    10 |       ||    23
       Ration            |       |       |     3 |     7 |     1 ||    11
Armor: Leather armour    |    33 |       |       |       |       ||    33
       Scale mail        |     3 |    80 |       |       |       ||    83
       Troll leather arm |       |     1 |     6 |       |       ||     7
       Chain mail        |       |       |    87 |    64 |       ||   151
       Crystal plate arm |       |       |       |   530 |    79 ||   609
Dodge: Dodged            |    63 |    62 |    81 |   208 |    16 ||   430
Block: Buckler           |       |    18 |   146 |    33 |       ||   197
       Other             |       |       |       |    91 |       ||    91
